 Dungeon Crawl Stone Soup version 0.23.2-33-g5129a83184 (webtiles) character file.

Game seed: 16616795550251865788

106 FishyPogo the Magician (level 4, 0/30 HPs)
             Began as a Demonspawn Wizard on July 28, 2019.
             Succumbed to a worker ant's poison
             ... on level 3 of the Dungeon.
             The game lasted 00:23:09 (3487 turns).

FishyPogo the Magician (Demonspawn Wizard)          Turns: 3487, Time: 00:23:09

Health: 0/30       AC:  6    Str:  7    XL:     4   Next: 55%
Magic:  0/9        EV: 11    Int: 20    God:
Gold:   159        SH:  3    Dex: 12    Spells: 3/10 levels left

rFire    . . .     SeeInvis .   (no weapon)
rCold    . . .     Gourm    .   k - +0 buckler
rNeg     . . .     Faith    .   e - +0 leather armour
rPois    .         Spirit   +   b - +0 hat
rElec    .         Reflect  .   (no cloak)
rCorr    .         Harm     .   (no gloves)
MR       .....                  h - +2 pair of boots
Stlth    ++........             (no amulet)
HPRegen  0.10/turn              (no ring)
MPRegen  0.11/turn              (no ring)

@: lethally poisoned (0 -> -15), very slightly contaminated
A: claws 1, magic shield
a: no special abilities


You were on level 3 of the Dungeon.
You were not hungry.

You visited 1 branch of the dungeon, and saw 3 of its levels.

You collected 159 gold pieces.

Inventory:

Hand Weapons
 r - a +0 quarterstaff
Armour
 a - a +0 robe
 b - a +0 hat (worn)
 e - a +0 leather armour (worn)
 h - a +2 pair of boots (worn)
 k - a +0 buckler (worn)
Scrolls
 i - a scroll of noise {unknown}
 j - a scroll of fear
 m - 2 scrolls of teleportation
 n - a scroll of identify
 o - 2 scrolls of fog
 p - 2 scrolls of enchant armour {unknown}
 q - a scroll of enchant weapon {unknown}
Potions
 c - a potion of cancellation {unknown}
 f - a potion of haste {unknown}
 g - a potion of lignification {unknown}
Comestibles
 d - 2 rations


   Skills:
 * Level 0.7 Armour
 + Level 2.0 Dodging
 * Level 2.5 Stealth
 + Level 0.5 Shields
 * Level 3.5 Spellcasting
 + Level 1.8 Conjurations
 * Level 0.9 Hexes
 + Level 1.5 Summonings
 * Level 1.4 Translocations


You had 3 spell levels left.
You knew the following spells:

 Your Spells              Type           Power        Failure   Level  Hunger
a - Magic Dart            Conj           ##..         16%         1    None
b - Blink                 Tloc           N/A          26%         2    ##.....
c - Call Imp              Summ           #.......     26%         2    ##.....
d - Slow                  Hex            #.......     32%         2    ##.....

Your spell library contained the following spells:

 Spells                   Type           Power        Failure   Level  Hunger
 Conjure Flame            Conj/Fire      #.......     54%         3    ###....
 Mephitic Cloud           Conj/Pois/Air  #.......     58%         3    ###....


Dungeon Overview and Level Annotations

Branches:
Dungeon (3/15)

Altars:
Cheibriados
Dithmenos
Elyvilon
Fedhas
Uskayaw


Innate Abilities, Weirdness & Mutations

You have sharp fingernails.
When hurt, damage is shared between your health and your magic reserves.


Message History

* * * LOW HITPOINT WARNING * * *
You feel sick.
Casting: Magic Dart (safe; 16% risk of failure)
Confirm with . or Enter, or press ? or * to list all spells.
Aiming: Magic Dart (safe; 16% risk of failure)
Press: ? - help, Shift-Dir - straight line, f/p - worker ant
Aim: a worker ant (heavily wounded)
The magic dart hits the worker ant but does no damage.
The worker ant is heavily wounded.
* * * LOW HITPOINT WARNING * * *
You feel sick. The worker ant bites you.
* * * LOW HITPOINT WARNING * * *
You are more poisoned.
The worker ant poisons you! You block the worker ant's attack.
* * * LOW HITPOINT WARNING * * *
You feel sick.
A hobgoblin comes into view. It is wielding a +0 club.
* * * LOW HITPOINT WARNING * * *
You feel sick.
You die...

...#.#.## ...#[#.
.....#.. ........
..##...###
.........###############
(###.....#............g.
.###................#
.#............a.@...#
.......##############
....##[..###########
.##...<............#
<######..#########......
.# #..# ##... ## #..# .
#..# #..#


You could see a worker ant and a hobgoblin (sleeping).

Vanquished Creatures
  2 adders
  An ooze (D:1)
  A worm (D:2)
  A dart slug (D:3)
  A leopard gecko (D:2)
  2 orcs (D:3)
  A ball python (D:2)
  3 giant cockroaches
  3 goblins
  4 hobgoblins
  2 jackals (D:3)
  6 kobolds
  8 bats
  2 frilled lizards
  5 rats
42 creatures vanquished.

Vanquished Creatures (collateral kills)
  A jelly (D:2)
  Jessica (D:2)
  An ooze (D:1)
  A kobold (D:2)
4 creatures vanquished.

Grand Total: 46 creatures vanquished

Notes
Turn   | Place    | Note
-------+----------+-------------------------------------------
     0 | D:1      | FishyPogo the Demonspawn Wizard began the quest for the
                  | Orb.
     0 | D:1      | Reached XP level 1. HP: 13/13 MP: 4/4
   377 | D:1      | Gained mutation: You have sharp fingernails. [demonic
                  | ancestry]
   377 | D:1      | Reached XP level 2. HP: 17/19 MP: 0/6
   730 | D:1      | Learned a level 2 spell: Blink
   733 | D:1      | Learned a level 2 spell: Call Imp
   845 | D:1      | Learned a level 2 spell: Slow
  1233 | D:2      | Found a faded altar of an unknown god.
  1258 | D:2      | Found a snail-covered altar of Cheibriados.
  1274 | D:2      | Reached skill level 1 in Translocations
  1285 | D:2      | Found a hide-covered altar of Uskayaw.
  1370 | D:2      | Found a shadowy altar of Dithmenos.
  1498 | D:2      | Reached XP level 3. HP: 24/24 MP: 1/7
  2531 | D:2      | Noticed Jessica
  2544 | D:2      | Killed Jessica
  2544 | D:2      | Gained mutation: When hurt, damage is shared between your
                  | health and your magic reserves. [demonic ancestry]
  2544 | D:2      | Reached XP level 4. HP: 30/30 MP: 2/9
  3253 | D:3      | Found a white marble altar of Elyvilon.
  3278 | D:3      | Found a blossoming altar of Fedhas.
  3486 | D:3      | HP: 1/30 [poisoned by a worker ant]
  3487 | D:3      | Succumbed to a worker ant's poison

Skill      XL: |  1  2 |
---------------+-------+-----
Stealth        | 2 |  2.5
Translocations | 1 |  1.4
Dodging        | 2 |  2.0
Armour         | |  0.7
Shields        | |  0.5
Spellcasting   | |  3.5
Conjurations   | |  1.8
Hexes          | |  0.9
Summonings     | |  1.5

Action                   |  1- 3 |  4- 6 || total
-------------------------+-------+-------++-------
Melee: Unarmed           |    32 |    36 ||    68
 Cast: Magic Dart        |    71 |    55 ||   126
       Call Imp          |     8 |     2 ||    10
       Blink             |     1 |       ||     1
  Use: Scroll            |     2 |     1 ||     3
  Eat: Chunk             |     2 |     3 ||     5
       Ration            |     1 |       ||     1
Armor: Leather armour    |    16 |    19 ||    35
Dodge: Dodged            |    32 |    24 ||    56
Block: Buckler           |       |     8 ||     8
